 Dungeon Crawl Stone Soup version 0.29.0-15-g675c0067aa (webtiles) character file.

Game seed: 2797286310943414400

215 qw the Sneak (level 5, 0/32 HPs)
             Began as a Gargoyle Delver on Sept 11, 2022.
             Was an Initiate of Okawaru.
             Slain by Eustachio
             ... wielding a +0 antimagic rapier
              (7 damage)
             ... on level 4 of the Dungeon.
             The game lasted 00:00:30 (1346 turns).

qw the Sneak (Gargoyle Delver)                      Turns: 1346, Time: 00:00:31

Health: 0/32       AC:  9    Str: 18    XL:     5   Next: 92%
Magic:  0/5        EV: 11    Int: 10    God:    Okawaru [......]
Gold:   19         SH:  0    Dex: 11    Spells: 4/4 levels left

rFire   . . .      SeeInvis .   a - +0 hand axe
rCold   . . .      Faith    .   (no shield)
rNeg    + . .      Spirit   .   d - +0 ring mail
rPois   inf        Reflect  .   (no helmet)
rElec   +          Harm     .   (no cloak)
rCorr   .          Rampage  .   (no gloves)
Will    .....                   (no boots)
Stlth   ++........              (no amulet)
HPRegen 0.10/turn               (no ring)
MPRegen 0.09/turn               (no ring)

@: no status effects
A: sickness immunity, AC +4, negative energy resistance 1, electricity
resistance, torment resistance 1, petrification resistance
a: Renounce Religion


You were on level 4 of the Dungeon.
You worshipped Okawaru.
Okawaru was noncommittal.
You visited 2 branches of the dungeon, and saw 3 of its levels.

You collected 55 gold pieces.
You spent 36 gold pieces at shops.


Innate Abilities, Weirdness & Mutations

You are immune to sickness and miasma.
Your stone body is resilient. (AC +4)
You are immune to poison.
You resist negative energy. (rN+)
You are resistant to electric shocks. (rElec)
You are resistant to unholy torment.
You are immune to petrification.


   Skills:
 - Level 3.2 Fighting
 + Level 4.8 Axes
 - Level 2.6 Armour
 - Level 1.5 Dodging
 - Level 5.4 Stealth


You had 4 spell levels left.
You didn't know any spells.
Your spell library was empty.

Inventory:

Hand Weapons
 a - a +0 hand axe (weapon)
 c - a +0 flail
Armour
 b - a +0 scale mail
 d - a +0 ring mail (worn)
Wands
 g - a wand of digging (3)
Scrolls
 i - a scroll of identify {unknown}
Potions
 e - a potion of resistance {unknown}
 f - a potion of haste
 h - a potion of flight {unknown}
 j - a potion of curing

Dungeon Overview and Level Annotations

Branches:
Dungeon (5/15)             Temple (1/1) D:4

Altars:
Ashenzari
Cheibriados
Dithmenos
Elyvilon
Fedhas
Kikubaaqudgha
Makhleb
Nemelex Xobeh
Okawaru
Trog
Uskayaw
Wu Jian
Xom
Yredelemnul
Zin
The Shining One

Shops:
D:4 !(*

Annotations:
D:4 Eustachio


Message History

Eustachio is heavily wounded.
Eustachio hits you with a +0 antimagic rapier.
You feel your power leaking away.
You hit Eustachio but do no damage.
Eustachio is heavily wounded.
Eustachio hits you but does no damage.
You closely miss Eustachio.
Eustachio is moderately wounded.
Eustachio barely misses you.
You barely miss Eustachio.
Eustachio is moderately wounded.
Eustachio utters an oath, "I will die for my friends!"
Eustachio closely misses you.
You hit Eustachio.
Eustachio is heavily wounded.
Eustachio hits you but does no damage.
You closely miss Eustachio.
Eustachio is heavily wounded.
Eustachio misses you.
You hit Eustachio but do no damage.
Eustachio is heavily wounded.
Eustachio hits you with a +0 antimagic rapier.
You feel your power leaking away.
You miss Eustachio.
Eustachio is heavily wounded.
Eustachio hits you but does no damage.
You barely miss Eustachio.
Eustachio is heavily wounded.
Eustachio casts a spell.
You closely miss Eustachio.
Eustachio is heavily wounded.
Eustachio hits you with a +0 antimagic rapier. x2
You feel your power leaking away.
You slash Eustachio!
Eustachio is severely wounded.
You hit the shadow imp but do no damage.
The shadow imp gestures at you. Pain shoots through your body!
Eustachio hits you with a +0 antimagic rapier!
You die...

##...#.....#
##..........'
#...........# .
#...........# ..
##..........#...
#.#...........
####..##...#
#..#.5..#
#...@@..#
##.##...+ ###
...# #..# ..#
#.. ..# .##


You could see Eustachio and a shadow imp (summoned).

Vanquished Creatures
  A phantom (D:4)
  A necrophage (D:4)
  A scorpion (D:4)
  An adder (D:4)
  An ufetubus (D:4)
  An orc (D:4)
  An endoplasm (D:4)
  A giant cockroach (D:4)
  A goblin (D:4)
  A hobgoblin (D:4)
  2 kobolds (D:4)
  A ball python (D:4)
13 creatures vanquished.

Notes
Turn   | Place    | Note
-------+----------+-------------------------------------------
     0 | D:5      | qw the Gargoyle Delver began the quest for the Orb.
     0 | D:5      | Reached XP level 1. HP: 14/14 MP: 1/1
     0 | D:5      | 0 ||| qw: Version: 0.1-a-118-gb4e7ce6
     0 | D:5      | 0 ||| qw: Game counter: 10610
     0 | D:5      | 0 ||| qw: Always use a shield: true
     0 | D:5      | 0 ||| qw: God list: Okawaru
     0 | D:5      | 0 ||| qw: Allow faded altars: false
     0 | D:5      | 0 ||| qw: Do Orc after D:15 true
     0 | D:5      | 0 ||| qw: Do second Lair branch before Depths: true
     0 | D:5      | 0 ||| qw: Lair rune preference: random
     0 | D:5      | 0 ||| qw: Plans: Normal
     0 | D:5      | 0 ||| PLANNING D:1-11
     7 | D:5      | 7 ||| DROPPING scroll of fog.
     8 | D:5      | 8 ||| DROPPING scroll of magic mapping.
     9 | D:5      | 9 ||| DROPPING scroll of fear.
    19 | D:4      | You fall into a shaft and drop 1 floor!
    20 | D:5      | 20 ||| PLANNING OSSUARY
    38 | D:4      | Reached XP level 2. HP: 11/19 MP: 2/2
   162 | D:4      | Found Epufrewn's Assorted Antiques.
   162 | D:4      | Found Kazxoh's Antique Weapon Shop.
   362 | D:4      | 362 ||| SHOPLISTING runed war axe (149 gold, have 17).
   362 | D:4      | 362 ||| SHOPLISTING steaming mace (184 gold, have 17).
   607 | D:4      | Reached skill level 3 in Axes
   629 | D:4      | Found a staircase to the Ecumenical Temple.
   630 | D:4      | 630 ||| PLANNING TEMPLE
   630 | D:4      | 630 ||| UPGRADING to +0 ring mail.
   640 | D:4      | 640 ||| DROPPING +0 leather armour.
   645 | Temple   | Entered the Ecumenical Temple
   734 | Temple   | 734 ||| PLANNING OSSUARY
   741 | Temple   | Became a worshipper of Warmaster Okawaru
   767 | D:4      | 767 ||| RIP OSSUARY
   768 | D:4      | 768 ||| PLANNING D:1-11
   784 | D:4      | 784 ||| Stepping ~*~*~tactically~*~*~ (stealth).
   789 | D:4      | 789 ||| Stepping ~*~*~tactically~*~*~ (stealth).
   793 | D:4      | 793 ||| Stepping ~*~*~tactically~*~*~ (stealth).
   796 | D:4      | 796 ||| Stepping ~*~*~tactically~*~*~ (stealth).
   798 | D:4      | Noticed a phantom
   819 | D:4      | Reached XP level 3. HP: 13/23 MP: 3/3
   823 | D:4      | Killed a phantom
   824 | D:4      | Reached XP level 4. HP: 15/28 MP: 4/4
  1013 | D:4      | Found Beunut's Distillery.
  1013 | D:4      | Noticed a scorpion
  1053 | D:4      | Killed a scorpion
  1054 | D:4      | Reached XP level 5. HP: 11/32 MP: 5/5
  1256 | D:4      | 1256 ||| SHOPLISTING potion of cancellation (96 gold, have
                  | 48).
  1256 | D:4      | 1256 ||| BUYING potion of curing (36 gold).
  1256 | D:4      | Bought a potion of curing for 36 gold pieces
  1256 | D:4      | 1256 ||| SHOPLISTING potion of haste (120 gold, have 12).
  1256 | D:4      | 1256 ||| SHOPLISTING potion of heal wounds (60 gold, have
                  | 12).
  1259 | D:4      | 1259 ||| Stepping ~*~*~tactically~*~*~ (stealth).
  1261 | D:4      | 1261 ||| Stepping ~*~*~tactically~*~*~ (stealth).
  1263 | D:4      | 1263 ||| Stepping ~*~*~tactically~*~*~ (stealth).
  1265 | D:4      | 1265 ||| Stepping ~*~*~tactically~*~*~ (stealth).
  1317 | D:4      | Noticed Eustachio
  1346 | D:4      | HP: 7/32 [shadow imp/nerve-wracking pain[Eustachio] (4)]
  1346 | D:4      | Slain by Eustachio

Levels and vault maps discovered:
D:4:      layout_cave_pools, minmay_temple_entry_wispy,
          nicolae_ossuary_entry_giza, serial_shops, nicolae_shop_waterfront,
          nicolae_shop_hallway_stairs, nicolae_shop_hallway_plus,
          minmay_misc_feat_tower, uniq_eustachio
D:5:      layout_rooms, minitemple
Temple:   lightli_temple_of_artemis

Skill      XL: |  1  2  3  4 |
---------------+-------------+-----
Axes           | 2 3 4 |  4.8
Armour         | 2 |  2.6
Fighting       | |  3.2
Dodging        | |  1.5
Stealth        | |  5.4

Action                   |  1- 3 |  4- 6 || total
-------------------------+-------+-------++-------
Melee: Hand axe          |    61 |    71 ||   132
       Punch             |       |     2 ||     2
 Stab: Sleeping          |       |     1 ||     1
Armor: Leather armour    |    16 |       ||    16
       Ring mail         |    12 |    25 ||    37
Dodge: Dodged            |    33 |    31 ||    64

Table legend:
 A = Non-vault XP
 B = Vault XP
 C = Vault XP percentage of total XP
 D = Non-vault monster count
 E = Vault monster count
 F = Vault count percentage of total count
                 A         B        C        D         E       F
            +---------+---------+-------+---------+---------+-------
      Total |     308 |       0 |   0.0 |      13 |       0 |   0.0
            +---------+---------+-------+---------+---------+-------
        D:4 |     308 |       0 |   0.0 |      13 |       0 |   0.0
            +---------+---------+-------+---------+---------+-------
